Map: Ever Dream LE

Players

Neeb - Winner!

  • Race: Protoss Protoss
  • Spawn Location: 7:00

FireFoX

  • Race: Zerg Zerg
  • Spawn Location: 1:00

Event: DreamHack SC2 Masters 2020 Summer North America

VOD

https://youtu.be/2bljJ7hD-8w

Description

Time

  • Played on: July 1, 2020, 3:27 p.m.
  • Length: 8:31

All games in this series

Show
View Real Time Build Order
Export as new Build Order

Neeb Protoss - Winner!

Build Orders: 1 Gate Expand 

Get SALT Encoding   

  12  0:00  Probe  
  13  0:12  Probe  
  14  0:18  Pylon  
  14  0:24  Probe  
  15  0:32  Probe  
  15  0:40  Gateway, Probe  
  16  0:47  Assimilator  
  17  0:51  Probe  
  18  1:01  Probe  
  19  1:09  Probe  
  19  1:17  Probe  
  20  1:18  Pylon  
  21  1:28  Cybernetics Core  
  21  1:41  Nexus  
  21  1:46  Probe  
  22  1:50  Assimilator  
  22  1:58  Adept, Unknown  
  22  2:00  Probe  
  25  2:10  Warp Gate  
  25  2:12  Probe  
  26  2:22  Shield Battery  
  26  2:25  Stalker  
  28  2:35  Robotics Facility  
  28  2:49  Stalker  
  28  2:50  Shield Battery  
  28  2:54  Gateway  
  30  3:05  Probe x2  
  32  3:17  Immortal, Shield Battery  
  36  3:30  Sentry  
  38  3:45  Shield Battery  
  38  3:53  Immortal  
  42  4:04  Sentry  
  42  4:05  Stalker  
  42  4:07  Shield Battery  
  46  4:12  Shield Battery  
  46  4:16  Pylon  
  46  4:26  Warp Prism  
  48  4:41  Shield Battery  
  48  4:44  Sentry  
  48  4:45  Pylon  
  50  4:52  Stalker  
  52  4:58  Pylon  
  52  5:03  Immortal  
  52  5:21  Sentry  
  54  5:29  Shield Battery  
  54  5:36  Sentry  
  54  5:41  Probe x2  
  58  5:43  Immortal  
  62  5:57  Stalker  
  62  6:03  Shield Battery  
  58  6:14  Probe  
  59  6:22  Cybernetics Core  
  59  6:23  Probe  
  59  6:25  Gateway  
  60  6:31  Immortal  
  64  6:43  Probe x2  
  66  6:56  Zealot x2  
  66  7:01  Pylon  
  68  7:17  Pylon x2  
  68  7:19  Immortal  
  72  7:24  Sentry, Stalker x2  
  78  7:35  Pylon, Probe x2  
  80  8:03  Stalker x3  
  86  8:08  Probe  
  87  8:14  Probe  
  87  8:17  Pylon  
  87  8:18  Pylon  
Show
View Real Time Build Order
Export as new Build Order

FireFoX Zerg 

Build Orders: Hatch First 

Get SALT Encoding   

  12  0:01  Drone  
  13  0:08  Drone  
  14  0:22  Overlord  
  14  0:25  Extractor  
  14  0:26  Drone  
  15  0:41  Drone x2  
  17  0:55  Hatchery  
  16  0:59  Extractor  
  15  1:11  Spawning Pool  
  15  1:15  Drone  
  15  1:19  Drone  
  16  1:26  Drone  
  17  1:37  Drone  
  17  1:39  Overlord  
  18  1:59  Queen, Zergling x2  
  21  2:04  Zergling x2  
  22  2:08  Roach Warren  
  21  2:19  Zergling x2  
  21  2:20  Queen  
  24  2:28  Metabolic Boost  
  23  2:49  Roach x3  
  29  2:53  Zergling x4  
  31  3:02  Zergling x4  
  33  3:10  Ravager  
  33  3:11  Zergling x4  
  36  3:21  Unknown  
  36  3:24  Ravager  
  35  3:43  Zergling x2  
  35  3:47  Zergling x2  
  35  3:52  Zergling x2  
  35  3:55  Zergling x4  
  36  4:02  Zergling x4  
  33  4:06  Zergling x4  
  33  4:08  Ravager  
  35  4:17  Overlord  
  35  4:38  Roach x2  
  39  4:42  Zergling x2  
  39  4:43  Zergling x4  
  39  4:45  Queen  
  44  4:47  Overlord  
  42  5:03  Zergling x6  
  42  5:04  Ravager x2  
  44  5:11  Zergling x2  
  44  5:12  Zergling x2  
  44  5:31  Roach  
  44  5:38  Overlord  
  43  5:56  Ravager  
  41  5:57  Roach x3  
  42  6:12  Zergling x2  
  42  6:13  Zergling x4  
  42  6:19  Ravager x3  
  42  6:24  Zergling x2  
  41  6:42  Zergling x8  
  43  6:49  Roach  
  42  6:54  Overlord  
  42  7:07  Zergling x2  
  42  7:10  Ravager  
  42  7:15  Zergling x6  
  44  7:22  Roach  
  44  7:31  Roach  
  46  7:43  Ravager  
  47  7:45  Roach x2  
  49  8:01  Roach  
  49  8:03  Zergling x2  
  46  8:06  Ravager x2  
Tags
 
Add a new tag
Caveats
  • Supply blocks, unpowered buildings, or Contaminate may cause inaccurate times.
  • Supply counts are checked every 10 seconds.